 Dungeon Crawl Stone Soup version 0.30-b1-2-g02819fbbbe (webtiles) character file.

Game seed: 10055993060010029911

361 LLlMATKO the Trooper (level 6, -6/56 HPs)
             Began as a Minotaur Berserker on Oct 31, 2023.
             Was a Believer of Trog.
             Mangled by a gnoll
             ... wielding a +0 halberd of protection
             ... led by a gnoll sergeant
              (8 damage)
             ... on level 4 of the Dungeon.
             The game lasted 00:01:57 (3021 turns).

LLlMATKO the Trooper (Minotaur Berserker)           Turns: 3021, Time: 00:01:58

Health: -6/56      AC:  6    Str: 23    XL:     6   Next: 38%
Magic:  5/5        EV: 12    Int:  4    God:    Trog [**....]
Gold:   165        SH:  0    Dex: 10    Spells: 5/5 levels left

rFire   . . .        a - +0 hand axe
rCold   . . .        (no shield)
rNeg    . . .        c - +0 ring mail
rPois   .            (helmet restricted)
rElec   .            (no cloak)
rCorr   .            (no gloves)
SInv    +            (no boots)
Will    .....        (no amulet) Stlth
                     g - ring of see invisible
HPRegen 0.29/turn    (no ring)
MPRegen 0.09/turn

%: no passive effects
@: on berserk cooldown, slowed, very slow
A: horns 2, retaliatory headbutt
a: Renounce Religion, Berserk, Trog's Hand


You were on level 4 of the Dungeon.
You worshipped Trog.
Trog was pleased with you.
You visited 1 branch of the dungeon, and saw 4 of its levels.

You collected 165 gold pieces.

Inventory:

Hand Weapons
 a - a +0 hand axe (weapon)
Missiles
 k - 5 poisoned darts (quivered)
 q - 5 silver javelins
Armour
 c - a +0 ring mail (worn)
Jewellery
 g - a ring of see invisible (left hand)
Wands
 o - a wand of paralysis (21)
Scrolls
 d - 3 scrolls of identify {unknown}
 f - 2 scrolls of fear {unknown}
 h - a scroll of immolation {unknown}
 l - a scroll of fog {unknown}
 n - a scroll of enchant weapon {unknown}
 p - 2 scrolls of magic mapping {unknown}
 s - a scroll of brand weapon {unknown}
 t - 2 scrolls of poison {unknown}
 u - a scroll of teleportation {unknown}
 x - a scroll of blinking {unknown}
Potions
 b - 4 potions of heal wounds {unknown}
 e - 2 potions of degeneration {unknown}
 i - a potion of brilliance {unknown}
 j - a potion of attraction {unknown}
 m - a potion of invisibility {unknown}
 r - a potion of mutation {unknown}
 v - a potion of haste {unknown}
 w - a potion of flight {unknown}


   Skills:
 + Level 5.4 Fighting
 + Level 5.3 Axes
 + Level 4.6 Armour
 + Level 4.1 Dodging


You had 5 spell levels left.
You didn't know any spells.
Your spell library was empty.

Dungeon Overview and Level Annotations

Branches:
Dungeon (4/15)
 Temple: D:4-7

Altars:
Ashenzari
Elyvilon
Fedhas
Hepliaklqana
Nemelex Xobeh
Okawaru
Wu Jian


Innate Abilities, Weirdness & Mutations

You have a pair of horns on your head.
You reflexively headbutt those who attack you in melee.


Message History

Items here: )) ††.
You hit the gnoll but do no damage. You hit the centaur. The centaur hits you.
* * * LOW HITPOINT WARNING * * *
The centaur kicks you but does no damage.
The gnoll hits you with a +0 halberd of protection.
* * * LOW HITPOINT WARNING * * *
The centaur barely misses you.
The centaur kicks you but does no damage.
You barely miss the gnoll. You headbutt the gnoll.
The gnoll is lightly wounded.
You hit the centaur but do no damage. The centaur misses you.
You furiously retaliate!
You headbutt the centaur!
The centaur kicks you but does no damage.
The gnoll barely misses you. The centaur hits you.
* * * LOW HITPOINT WARNING * * *
The centaur kicks you but does no damage.
The gnoll hits you with a +0 halberd of protection.
* * * LOW HITPOINT WARNING * * *
A dart slug comes into view.
You closely miss the gnoll. You punch the gnoll.
The gnoll is lightly wounded.
You hit the centaur. The centaur closely misses you.
The centaur kicks you but does no damage.
A centaur comes into view.
The centaur misses you. x2; The gnoll barely misses you.
The centaur hits you.
* * * LOW HITPOINT WARNING * * *
The centaur barely misses you.
The centaur moves out of view.
You hit the gnoll.
The gnoll is severely wounded.
You barely miss the centaur. The gnoll barely misses you.
The centaur hits you but does no damage.
The centaur closely misses you. The gnoll barely misses you.
The centaur hits you but does no damage.
The centaur misses you.
You barely miss the gnoll. You headbutt the gnoll.
The gnoll is almost dead.
You hit the centaur. The centaur barely misses you.
The centaur kicks you but does no damage.
The gnoll hits you with a +0 halberd of protection!
You die...

.###################
......c@).)........#
##.##.g###########.#
##w #.# #. #.# ..
###.### #. #.....#
#. ###.....### ..
.#..........
.........)###


You could see a centaur, a gnoll and a dart slug.

Vanquished Creatures
  A gnoll sergeant (D:4)
  2 orc priests
  An iguana (D:4)
  Jessica (D:2)
  8 gnolls
  3 adders
  2 dart slugs
  7 orcs
  10 ball pythons
  5 endoplasms
  2 giant cockroaches
  5 goblins
  4 hobgoblins
  7 kobolds
  3 quokkas (D:3)
  7 bats
  5 frilled lizards
  3 rats
76 creatures vanquished.

Vanquished Creatures (others)
  A butterfly (D:3)
1 creature vanquished.

Grand Total: 77 creatures vanquished

Notes
Turn   | Place    | Note
-------+----------+-------------------------------------------
     0 | D:1      | LLlMATKO the Minotaur Berserker began the quest for the
                  | Orb.
     0 | D:1      | Reached XP level 1. HP: 19/19 MP: 0/0
   122 | D:1      | Reached XP level 2. HP: 26/27 MP: 1/1
   192 | D:1      | Found a faded altar of an unknown god.
   730 | D:1      | Reached XP level 3. HP: 24/33 MP: 2/2
   943 | D:2      | Noticed Jessica
   953 | D:2      | Killed Jessica
  1227 | D:2      | Reached XP level 4. HP: 41/41 MP: 3/3
  1685 | D:3      | Reached ** piety under Trog
  1839 | D:3      | Found a blossoming altar of Fedhas.
  1847 | D:3      | Found an iron altar of Okawaru.
  1850 | D:3      | Found a hazy altar of Hepliaklqana.
  1850 | D:3      | Found a sparkling altar of Nemelex Xobeh.
  1860 | D:3      | Found an ornate altar of the Wu Jian Council.
  1923 | D:3      | Found a white marble altar of Elyvilon.
  1977 | D:3      | Reached XP level 5. HP: 47/47 MP: 4/4
  2070 | D:3      | Found a broken altar of Ashenzari.
  2730 | D:4      | Reached skill level 5 in Fighting
  2891 | D:4      | Reached skill level 5 in Axes
  3003 | D:4      | Reached XP level 6. HP: 56/56 MP: 5/5
  3019 | D:4      | HP: 1/56 [centaur (3)]
  3021 | D:4      | Mangled by a gnoll

Illustrated notes

Levels and vault maps discovered:
D:1:      elethiomel_arrival_maze, layout_basic,
          ebering_ecumenical_altar_petrified
D:2:      layout_loops_ring, uniq_jessica
D:3:      layout_loops_ring, cheibrodos_ashenzari_chains,
          nicolae_overflow_hallway_of_the_gods, nicolae_elyvilon_peaceful_grove
D:4:      layout_loops_ring, minmay_manual_mares

Skill      XL: |  1  2  3  4  5  6 |
---------------+-------------------+-----
Axes           | 4 5 |  5.3
Fighting       | 4 5 |  5.4
Armour         | 3 4 |  4.6
Dodging        | 3 4 |  4.1

Action                     |  1- 3 |  4- 6 || total
---------------------------+-------+-------++-------
  Melee: Hand axe          |    57 |   122 ||   179
         Headbutt          |     6 |    18 ||    24
         Punch             |       |     2 ||     2
 Invoke: Berserk           |     2 |     3 ||     5
 Armour: Animal skin       |     2 |       ||     2
         Ring mail         |    16 |    45 ||    61
  Dodge: Dodged            |    31 |    83 ||   114
